 Dungeon Crawl Stone Soup version 0.30.0-29-ga12c61a403 (webtiles) character file.

Game seed: 7212491653034926953

693 Graphine the Conjurer (level 7, -1/38 HPs)
             Began as a Deep Elf Conjurer on June 21, 2023.
             Was an Initiate of Vehumet.
             Shot with an arrow by a centaur (10 damage)
             ... on level 5 of the Dungeon.
             The game lasted 00:10:27 (5309 turns).

Graphine the Conjurer (Deep Elf Conjurer)           Turns: 5309, Time: 00:10:29

Health: -1/38      AC:  2    Str:  4    XL:     7   Next: 37%
Magic:  12/17      EV: 13    Int: 25    God:    Vehumet [......]
Gold:   226        SH:  5    Dex: 13    Spells: 6/16 levels left

rFire   . . .        j - staff of air
rCold   . . .        (no shield)
rNeg    . . .        a - +0 robe
rPois   .            (no helmet)
rElec   +            w - scarf {harm}
rCorr   .            (no gloves)
SInv    .            (no boots)
Will    .....        o - amulet of reflection
Stlth   ++           (no ring)
HPRegen 0.26/turn    (no ring)
MPRegen 0.15/turn

%: harm (+30% outgoing, +20% incoming), reflection
@: very slightly contaminated
A: no striking features
a: Renounce Religion


You were on level 5 of the Dungeon.
You worshipped Vehumet.
Vehumet was noncommittal.
You visited 2 branches of the dungeon, and saw 6 of its levels.

You collected 226 gold pieces.

Inventory:

Hand Weapons
 h - a +3 short sword of venom
Missiles
 q - 6 atropa-tipped darts
Armour
 a - a +0 robe (worn)
 w - a scarf of harm (worn)
Magical Staves
 j - a staff of air (weapon)
Jewellery
 o - an amulet of reflection (around neck)
 p - an amulet of guardian spirit
Wands
 c - a wand of mindburst (15)
 i - a wand of paralysis (8)
 t - a wand of digging (5)
Scrolls
 n - a scroll of amnesia
 r - a scroll of identify
 v - 2 scrolls of fear
Potions
 b - a potion of flight {unknown}
 d - a potion of ambrosia
 e - 4 potions of curing
 f - a potion of heal wounds {unknown}
 g - 4 potions of degeneration
 k - a potion of haste
 l - a potion of invisibility {unknown}
 m - 2 potions of brilliance
 s - a potion of mutation {unknown}


   Skills:
 + Level 1.5 Fighting
 + Level 2.1 Staves
 * Level 4.7 Dodging
 + Level 4.0 Stealth
 * Level 5.4 Spellcasting
 * Level 5.8 Conjurations
 + Level 1.9 Air Magic
 + Level 2.4 Evocations


You had 6 spell levels left.
You knew the following spells:

 Your Spells              Type           Power      Damage    Failure   Level
a - Magic Dart            Conj           100%       1d8       1%          1
b - Searing Ray           Conj           70%        2d7       1%          2
c - Stone Arrow           Conj/Erth      42%        3d9       7%          3
d - Fulminant Prism       Conj/Hex       10%        3d9       24%         4

Your spell library contained the following spells:

 Spells                   Type           Power      Damage    Failure   Level
 Dazzling Flash           Conj/Hex       42%        N/A       7%          3
 Hailstorm                Conj/Ice       21%        3d6       7%          3
 Freeze                   Ice            24%        1d4       8%          1
 Necrotise                Necr           24%        1d5       8%          1
 Sandblast                Erth           12%        2d6       8%          1
 Slow                     Hex            24%        N/A       8%          1
 Passwall                 Tmut/Erth      5%         N/A       12%         2
 Sublimation of Blood     Necr           6%         N/A       12%         2
 Wereblood                Tmut           6%         N/A       12%         2
 Confusing Touch          Hex            6%         N/A       24%         3
 Frozen Ramparts          Ice            12%        1d2       24%         3
 Vampiric Draining        Necr           6%         2d6       24%         3
 Iskenderun's Mystic Bla  Conj/Tloc      21%        2d6       24%         4
 Agony                    Necr           6%         N/A       91%         5
 Summon Hydra             Summ           3%         N/A       100%        7


Dungeon Overview and Level Annotations

Branches:
Dungeon (5/15)             Temple (1/1) D:5

Altars:
Ashenzari
Cheibriados
Dithmenos
Elyvilon
Hepliaklqana
Kikubaaqudgha
Makhleb
Nemelex Xobeh
Okawaru
Qazlal
Ru
Sif Muna
Trog
Uskayaw
Vehumet
Wu Jian
Xom
Yredelemnul


Message History

The centaur is moderately wounded.
Casting: Magic Dart (safe; 1% risk of failure)
Confirm with . or Enter, or press ? or * to list all spells.
Aiming: Magic Dart (safe; 1% risk of failure)
Press: ? - help, Shift-Dir - straight line, f/p - centaur
Aim: a centaur, wielding a +0 shortbow (moderately wounded, 100% to hit)
The magic dart hits the centaur.
The centaur is heavily wounded.
The centaur shoots an arrow.
The arrow hits you!
* * * LOW HITPOINT WARNING * * *
You feel better.
Unknown command.
Unknown command.
HP restored.
The centaur wields a +0 shortbow.
The centaur shoots an arrow.
The arrow closely misses you.
Casting: Magic Dart (safe; 1% risk of failure)
Confirm with . or Enter, or press ? or * to list all spells.
You can't see any susceptible monsters within range! (Use Z to cast anyway.) Unknown command.
Casting: Magic Dart (safe; 1% risk of failure)
Confirm with . or Enter, or press ? or * to list all spells.
The spell is quite dangerous to miscast (24% risk of failure)!
Continue anyway?
Aiming: Fulminant Prism (quite dangerous; 24% risk of failure)
Press: ? - help, Dir - move target, p - centaur You miscast Fulminant Prism.
You are very lightly contaminated with residual magic.
You are blasted with magical energy!
The centaur shoots an arrow.
You block the arrow with an invisible shield... and reflect it back!
The arrow hits the centaur!
The centaur shoots an arrow.
The arrow hits you!
* * * LOW HITPOINT WARNING * * *
Casting: Fulminant Prism (quite dangerous; 24% risk of failure)
Confirm with . or Enter, or press ? or * to list all spells.
Aiming: Magic Dart (safe; 1% risk of failure)
Press: ? - help, Shift-Dir - straight line, f - centaur
Aim: a centaur, wielding a +0 shortbow (severely wounded, 100% to hit)
The magic dart hits the centaur but does no damage.
The centaur is severely wounded.
The centaur shoots an arrow.
The arrow hits you!
You die...

..≈.c .≈≈#
.... ...
#. ..# ..
#.# #. #.#
#. #@####
#. #....##
#.
####..###
#. ##...#
#.
###.####
#. #....##
#. ######
####..# #.
#....#
##.### #.
#.##.#####
#...# ##


You could see a centaur.

Vanquished Creatures
  An orc warrior (D:4)
  The ghost of Henri the Sneak, an amateur VSEn (D:3)
  4 hounds
  3 jellies (D:4)
  An orc priest (D:4)
  An orc wizard (D:4)
  2 iguanas (D:4)
  Ijyb (D:3)
  A mummy (D:3)
  3 gnolls (D:2)
  6 adders
  An ufetubus (D:4)
  A worm (D:2)
  4 orcs
  7 ball pythons
  11 endoplasms
  3 giant cockroaches
  6 goblins
  11 hobgoblins
  4 jackals (D:2)
  14 kobolds
  5 quokkas
  5 bats
  3 frilled lizards
  4 rats
103 creatures vanquished.

Notes
Turn   | Place    | Note
-------+----------+-------------------------------------------
     0 | D:1      | Graphine the Deep Elf Conjurer began the quest for the Orb.
     0 | D:1      | Reached XP level 1. HP: 10/10 MP: 6/6
   296 | D:1      | Reached XP level 2. HP: 15/15 MP: 5/8
  1129 | D:2      | Reached XP level 3. HP: 12/19 MP: 3/10
  1299 | D:2      | Reached skill level 1 in Evocations
  1477 | D:2      | Reached XP level 4. HP: 24/24 MP: 8/11
  1612 | D:2      | Reached skill level 1 in Staves
  1893 | D:2      | Learned a level 2 spell: Searing Ray
  1897 | D:2      | Learned a level 3 spell: Stone Arrow
  1902 | D:2      | Learned a level 4 spell: Fulminant Prism
  2252 | D:3      | Found a sacrificial altar of Ru.
  2429 | D:3      | Noticed Ijyb
  2436 | D:3      | Paralysed by Ijyb for 2 turns
  2439 | D:3      | Killed Ijyb
  2440 | D:3      | Reached XP level 5. HP: 12/28 MP: 3/13
  2576 | D:3      | Reached skill level 1 in Air Magic
  2670 | D:3      | Noticed Henri's ghost (amateur VSEn)
  2683 | D:3      | Found a runed translucent door.
  2710 | D:3      | Found a hide-covered altar of Uskayaw.
  2771 | D:3      | Found a snail-covered altar of Cheibriados.
  2810 | D:3      | Killed Henri's ghost
  2811 | D:3      | Reached skill level 5 in Conjurations
  3166 | D:4      | Reached skill level 1 in Fighting
  3166 | D:4      | Reached XP level 6. HP: 34/34 MP: 8/14
  3373 | D:4      | Found a basalt altar of Yredelemnul.
  3461 | D:4      | Found a white marble altar of Elyvilon.
  4045 | D:4      | Noticed an orc warrior
  4047 | D:4      | Reached skill level 5 in Spellcasting
  4051 | D:4      | Killed an orc warrior
  4052 | D:4      | Reached XP level 7. HP: 38/38 MP: 0/16
  4866 | D:5      | Entered Level 5 of the Dungeon
  4908 | D:5      | Found a shadowy altar of Dithmenos.
  4965 | D:5      | Found a staircase to the Ecumenical Temple.
  4971 | Temple   | Entered the Ecumenical Temple
  5007 | Temple   | Became a worshipper of Vehumet
  5068 | D:5      | Found a shimmering blue altar of Sif Muna.
  5184 | D:5      | HP: 1/38 [centaur/arrow (16)]
  5309 | D:5      | Shot with an arrow by a centaur

Illustrated notes

Levels and vault maps discovered:
D:1:      heliophobic_arrival_dark_side_of_the_moon, layout_loops_corners
D:2:      layout_basic, serial_bayou_pond_d
D:3:      layout_basic, chei_slow_surprise, mainiacjoe_overflow_catwalk,
          nicolae_uskayaw_dance_hall, hellmonk_ghost_happy_afterlife, uniq_ijyb
D:4:      cheibrodos_fertilizer, layout_loops_cross, general_overflow_altar,
          amcnicky_altar_gilded
D:5:      layout_basic, led_sif_pool, grunt_dithmenos_smoke,
          minmay_temple_entry_wispy, hangedman_decor_peaks_small,
          kb_lookout_dungeons_type
Temple:   chequers_temple_sunken

Skill      XL: |  1  2  3  4  5  6  7 |
---------------+----------------------+-----
Dodging        | 3 4 |  4.7
Stealth        | 3 4 |  4.0
Evocations     | 1 2 |  2.4
Staves         | 1 2 |  2.1
Spellcasting   | 4 5 |  5.4
Air Magic      | 1 |  1.9
Conjurations   | 5 |  5.8
Fighting       | 1 |  1.5

Action                     |  1- 3 |  4- 6 |  7- 9 || total
---------------------------+-------+-------+-------++-------
  Melee: Short sword       |     1 |       |       ||     1
         Staff             |     4 |     1 |       ||     5
   Cast: Magic Dart        |    60 |    75 |    21 ||   156
         Stone Arrow       |       |    29 |    11 ||    40
    Use: Scroll            |       |     9 |     3 ||    12
         Potion            |       |       |     2 ||     2
 Armour: Robe              |       |       |     2 ||     2
  Dodge: Dodged            |     5 |     8 |     3 ||    16
  Block: Other             |       |       |     4 ||     4
         Reflection        |       |       |     1 ||     1
